General information
- name: BNet
- type: Ladder 1vs1/FFA
- host: Battle.net
- saver: MrSlippyFist
map: LostTemple
- players: 2
- length: 128:24
- speed: Fast
- version: 1.27 W3XP
- replay type: Public
» download(336 KB)
Players
team 1 (winner)
MrSlippyFist (
purple | 59 APM | 7553 actions | 128:24)
10 Blademaster
3 Wind Walk
3 Critical Strike
1 Bladestorm
3 Mirror Image
8 Tauren Chieftain
3 Endurance Aura
3 Shockwave
1 Reincarnation
1 War Stomp
» actions
| Assign group hotkey | 69 | |
| Basic commands | 264 | |
| Build / train | 212 | |
| ESC pressed | 6 | |
| Enter build submenu | 143 | |
| Enter hero's abilities submenu | 18 | |
| Give item / drop item | 33 | |
| Right click | 3654 | |
| Select / deselect | 1655 | |
| Select group hotkey | 566 | |
| Use ability | 933 | |
7553 total
» units
| Peon | 28 | |
| Goblin Shredder | 4 | |
| Goblin Zeppelin | 5 | |
| Troll Batrider | 37 | |
| Troll Witch Doctor | 3 | |
| Demolisher | 1 | |
| Raider | 7 | |
85 total
» upgrades
| Spiked Barricades | 2 | |
| Witch Doctor Training | 2 | |
| Ranged Weapons | 3 | |
| Reinforced Defenses | 1 | |
| Liquid Fire | 1 | |
| Envenomed Spears | 1 | |
| Spirit Walker Training | 1 | |
| Troll Regeneration | 1 | |
| Armor | 1 | |
| Ensnare | 1 | |
| Melee Weapons | 1 | |
15 total
» buildings
| Altar of Storms | 2 | |
| Orc Burrow | 12 | |
| Voodoo Lounge | 3 | |
| War Mill | 6 | |
| Watch Tower | 148 | |
| Stronghold | 2 | |
| Great Hall | 4 | |
| Beastiary | 6 | |
| Spirit Lodge | 1 | |
| Fortress | 2 | |
| Barracks | 1 | |
187 total
» build order
00:06 Altar of Storms
00:19 Orc Burrow
00:51 Voodoo Lounge
01:09 War Mill
02:23 Watch Tower
02:51 Watch Tower
02:52 Watch Tower
03:07 Orc Burrow
03:44 Stronghold
04:12 Watch Tower
04:13 Watch Tower
04:55 Watch Tower
04:56 Watch Tower
05:06 Great Hall
05:26 Watch Tower
05:43 Watch Tower
06:02 Watch Tower
06:31 Watch Tower
07:11 Beastiary
07:12 Beastiary
08:14 Beastiary
08:18 Watch Tower
08:22 Spirit Lodge
09:33 Watch Tower
09:34 Watch Tower
10:02 Watch Tower
10:03 Watch Tower
10:04 Watch Tower
10:04 Watch Tower
10:23 Orc Burrow
11:08 Fortress
11:10 Watch Tower
11:11 Watch Tower
11:11 Watch Tower
11:12 Watch Tower
12:56 Watch Tower
12:57 Watch Tower
12:58 Watch Tower
15:54 Watch Tower
16:49 Watch Tower
18:29 Watch Tower
18:30 Watch Tower
18:31 Watch Tower
18:31 Watch Tower
18:32 Watch Tower
18:33 Watch Tower
18:34 Watch Tower
18:35 Watch Tower
18:37 Watch Tower
18:38 Watch Tower
18:51 Great Hall
19:47 Orc Burrow
20:21 Watch Tower
20:22 Watch Tower
20:24 Watch Tower
20:24 Watch Tower
20:25 Watch Tower
20:26 Watch Tower
20:28 Watch Tower
21:22 Watch Tower
21:23 Watch Tower
22:09 Watch Tower
22:14 Watch Tower
23:08 Watch Tower
23:09 Watch Tower
23:09 Watch Tower
23:10 Watch Tower
23:11 Watch Tower
23:12 Watch Tower
23:13 Watch Tower
23:14 Watch Tower
23:15 Watch Tower
23:16 Watch Tower
25:30 Great Hall
25:36 Orc Burrow
25:36 Watch Tower
25:38 Watch Tower
25:39 Watch Tower
25:40 Watch Tower
25:42 Watch Tower
25:44 Watch Tower
25:45 Watch Tower
25:47 Watch Tower
33:17 Watch Tower
33:19 Watch Tower
33:32 Watch Tower
33:36 Watch Tower
33:38 Watch Tower
35:50 Watch Tower
35:53 Watch Tower
37:29 Watch Tower
37:31 Watch Tower
38:20 Watch Tower
38:22 Watch Tower
38:29 Watch Tower
38:48 Watch Tower
38:49 Watch Tower
39:54 Watch Tower
39:56 Watch Tower
40:00 Watch Tower
40:01 Watch Tower
40:02 Watch Tower
40:03 Watch Tower
40:37 Watch Tower
40:39 Watch Tower
40:40 Watch Tower
40:40 Watch Tower
41:09 Watch Tower
41:10 Watch Tower
41:11 Watch Tower
41:12 Watch Tower
42:30 Stronghold
44:13 Watch Tower
44:15 Watch Tower
44:16 Watch Tower
44:18 Watch Tower
44:18 Watch Tower
44:36 Watch Tower
44:36 Watch Tower
44:37 Watch Tower
44:38 Watch Tower
44:39 Watch Tower
44:40 Watch Tower
44:41 Watch Tower
44:41 Watch Tower
44:45 Watch Tower
44:45 Watch Tower
45:05 Watch Tower
45:48 Watch Tower
45:50 Watch Tower
45:54 Watch Tower
45:56 Watch Tower
45:59 Watch Tower
46:01 Watch Tower
46:38 Watch Tower
46:39 Watch Tower
46:45 Watch Tower
46:49 Watch Tower
48:26 Watch Tower
48:28 Watch Tower
48:28 Watch Tower
48:30 Watch Tower
48:34 Watch Tower
48:39 Watch Tower
48:41 Watch Tower
48:42 Watch Tower
48:48 Watch Tower
48:49 Watch Tower
48:50 Watch Tower
48:51 Watch Tower
48:54 Great Hall
48:59 Watch Tower
50:17 Watch Tower
50:24 Watch Tower
50:25 Watch Tower
50:27 Watch Tower
54:49 Watch Tower
54:51 Watch Tower
55:58 Fortress
56:00 Altar of Storms
56:17 Voodoo Lounge
58:28 War Mill
59:58 Beastiary
59:59 Beastiary
62:16 Orc Burrow
62:17 Orc Burrow
62:21 Orc Burrow
66:20 Orc Burrow
66:26 Orc Burrow
66:36 Watch Tower
66:37 Watch Tower
66:38 Watch Tower
66:39 Watch Tower
67:25 Orc Burrow
78:49 Barracks
79:14 Orc Burrow
85:40 Voodoo Lounge
103:19 War Mill
103:32 Watch Tower
103:33 Watch Tower
103:35 Watch Tower
103:35 Watch Tower
106:50 War Mill
107:27 Watch Tower
110:25 Beastiary
121:36 War Mill
121:40 War Mill
» items
| Lesser Clarity Potion | 44 | |
| Healing Salve | 9 | |
| Boots of Speed | 2 | |
| Dust of Appearance | 3 | |
| Staff of Teleportation | 2 | |
| Orb of Lightning | 2 | |
| Potion of Lesser Invulnerability | 8 | |
| Tiny Great Hall | 1 | |
| Periapt of Vitality | 1 | |
| Potion of Mana | 7 | |
| Potion of Healing | 5 | |
| Scroll of Town Portal | 2 | |
86 total
team 2 (loser)

»
canadamooseking (
red | 45 APM | 5830 actions | 128:23)
7 Blademaster
3 Wind Walk
3 Critical Strike
1 Bladestorm
6 Tauren Chieftain
2 War Stomp
2 Endurance Aura
1 Shockwave
1 Reincarnation
» actions
| Assign group hotkey | 131 | |
| Basic commands | 199 | |
| Build / train | 291 | |
| Enter build submenu | 141 | |
| Enter hero's abilities submenu | 13 | |
| Give item / drop item | 24 | |
| Remove unit from queue | 8 | |
| Right click | 1798 | |
| Select / deselect | 1392 | |
| Select group hotkey | 1338 | |
| Use ability | 495 | |
5830 total
» units
| Peon | 66 | |
| Grunt | 7 | |
| Wind Rider | 26 | |
| Goblin Shredder | 9 | |
| Troll Headhunter/Berserker | 16 | |
| Demolisher | 18 | |
| Goblin Sapper | 3 | |
| Goblin Zeppelin | 20 | |
| Troll Batrider | 36 | |
201 total
» upgrades
| Reinforced Defenses | 1 | |
| Envenomed Spears | 1 | |
| Berserker Strength | 1 | |
| Armor | 4 | |
| Liquid Fire | 1 | |
| Berserker Upgrade | 1 | |
| Troll Regeneration | 1 | |
| Ranged Weapons | 3 | |
| Melee Weapons | 0 | |
| Burning Oil | 1 | |
| Spiked Barricades | 2 | |
| Pillage | 1 | |
17 total
» buildings
| Altar of Storms | 4 | |
| Orc Burrow | 9 | |
| Barracks | 4 | |
| Voodoo Lounge | 2 | |
| Stronghold | 4 | |
| War Mill | 4 | |
| Fortress | 2 | |
| Beastiary | 4 | |
| Spirit Lodge | 3 | |
| Watch Tower | 98 | |
134 total
» build order
00:13 Altar of Storms
00:16 Orc Burrow
00:50 Barracks
01:31 Voodoo Lounge
02:20 Stronghold
02:20 Stronghold
02:20 Stronghold
02:44 War Mill
03:05 Orc Burrow
03:12 Orc Burrow
04:42 Fortress
04:56 Beastiary
07:12 Orc Burrow
10:19 Spirit Lodge
12:54 Watch Tower
12:58 Watch Tower
15:52 Watch Tower
15:57 Watch Tower
18:26 Spirit Lodge
18:39 Orc Burrow
19:23 Watch Tower
19:36 Watch Tower
19:50 War Mill
21:07 Watch Tower
21:12 Watch Tower
21:16 Watch Tower
21:20 Orc Burrow
22:03 Watch Tower
22:05 Watch Tower
22:07 Watch Tower
22:47 Watch Tower
22:58 Watch Tower
23:26 Watch Tower
23:29 Watch Tower
23:32 Watch Tower
23:55 Watch Tower
25:20 Spirit Lodge
25:38 Barracks
27:12 Barracks
29:00 Watch Tower
29:12 Watch Tower
29:28 Watch Tower
30:24 Watch Tower
30:27 Watch Tower
30:37 Watch Tower
31:24 Watch Tower
31:32 Watch Tower
31:35 Watch Tower
32:00 Watch Tower
32:04 Watch Tower
32:21 Watch Tower
32:48 Watch Tower
33:28 Watch Tower
34:09 Watch Tower
34:15 Watch Tower
34:33 Watch Tower
35:23 War Mill
35:29 Watch Tower
35:35 Watch Tower
35:42 Watch Tower
36:34 Watch Tower
37:17 Watch Tower
37:21 Watch Tower
39:30 Watch Tower
39:55 Watch Tower
40:01 Watch Tower
40:03 Watch Tower
40:06 Watch Tower
40:34 War Mill
40:42 Watch Tower
41:20 Watch Tower
41:25 Watch Tower
41:33 Watch Tower
42:12 Barracks
42:40 Watch Tower
58:41 Watch Tower
58:47 Watch Tower
59:46 Watch Tower
59:48 Watch Tower
61:31 Watch Tower
62:19 Watch Tower
62:20 Watch Tower
62:29 Watch Tower
62:32 Watch Tower
62:35 Watch Tower
64:45 Watch Tower
64:46 Watch Tower
66:00 Watch Tower
66:25 Watch Tower
66:37 Watch Tower
66:39 Watch Tower
66:58 Watch Tower
67:01 Watch Tower
67:37 Watch Tower
69:00 Watch Tower
69:03 Watch Tower
72:17 Beastiary
72:20 Beastiary
72:24 Beastiary
76:47 Watch Tower
76:50 Watch Tower
77:54 Watch Tower
77:57 Watch Tower
79:00 Watch Tower
79:05 Watch Tower
79:55 Watch Tower
80:15 Watch Tower
80:19 Watch Tower
80:58 Watch Tower
81:02 Voodoo Lounge
86:42 Watch Tower
86:44 Watch Tower
86:47 Watch Tower
86:49 Watch Tower
88:41 Stronghold
91:25 Watch Tower
91:29 Watch Tower
100:08 Altar of Storms
100:10 Altar of Storms
100:55 Watch Tower
100:57 Watch Tower
101:18 Watch Tower
101:20 Watch Tower
102:33 Fortress
105:16 Orc Burrow
105:18 Orc Burrow
105:20 Orc Burrow
106:57 Watch Tower
107:57 Watch Tower
107:58 Watch Tower
108:01 Watch Tower
109:48 Watch Tower
111:11 Watch Tower
127:20 Altar of Storms
» items
| Healing Salve | 2 | |
| Lesser Clarity Potion | 9 | |
| Orb of Lightning | 2 | |
| Tiny Great Hall | 12 | |
| Potion of Mana | 3 | |
| Scroll of Town Portal | 8 | |
| Potion of Healing | 1 | |
| Boots of Speed | 1 | |
| Circlet of Nobility | 1 | |
| Periapt of Vitality | 1 | |
| Potion of Lesser Invulnerability | 2 | |
42 total
Chat log
(128:10 / All) canadamooseking: gg
(128:12 / All) MrSlippyFist: lol
(128:18 / All) MrSlippyFist: dont know why you stayed this long